[ AOE2 MATCH · #505970104 ]
UnrankedEthiopians vs Maya
Player's team · LOSS
Rival team · WIN
[ REPLAY ANALYSIS · EXTRACTED FROM THE RECORDED GAME ]
Feudal
12:21
Castle
21:03
Imperial
29:15
| APM avg | 38.3 |
| APM peak | 79 |
| eAPM avg | 20.2 |
| Villagers / military | 143 / 56 |
Focus
⚔️ 35.6% · 🌾 64.4%
Skirmisher ×22 · Shotel Warrior ×16 · Archer ×5 · Militia ×4 · Mangonel ×3 · Trebuchet (Packed) ×3
Feudal
12:38
Castle
16:40
Imperial
44:54
| APM avg | 54.1 |
| APM peak | 96 |
| eAPM avg | 24.0 |
| Villagers / military | 94 / 137 |
Focus
⚔️ 45.9% · 🌾 54.1%
Plumed Archer ×64 · Archer ×34 · Eagle Scout ×22 · Trebuchet (Packed) ×7 · Mangonel ×5 · Battering Ram ×4
Match map
Initial resources + every placement click. Lines = walls · curves = elevation contours. ◆ gold · ⬟ stone · ● berries · ✦ relic · ◌ wall gap
Your base· ✓ Closed at 21:03 · 20t walls · 3 gate(s)
RD | El_Zapatero22's base· ✓ Closed at 16:40 · 32t walls · no gate
Smoothed initial terrain · ◌ = detected wall gap · hover for details
Inputs per minute
— inhoftah - - RD | El_Zapatero22
Build order — inhoftah
First 150 of 339 actions detected
| 0:02 | Create | Villager (Male) |
| 0:03 | Build | House |
| 0:05 | Build | House |
| 0:13 | Create | Villager (Male) |
| 0:31 | Create | Villager (Male) |
| 0:47 | Create | Villager (Male) |
| 1:03 | Research | Loom |
| 1:38 | Create | Villager (Male) |
| 2:28 | Create | Villager (Male) |
| 3:02 | Build | Palisade Wall |
| 3:05 | Create | Villager (Male) |
| 3:49 | Build | Palisade Wall |
| 3:53 | Build | Palisade Wall |
| 3:56 | Create | Villager (Male) |
| 4:06 | Build | Palisade Wall |
| 4:11 | Create | Villager (Male) |
| 4:30 | Create | Villager (Male) |
| 5:15 | Build | Lumber Camp |
| 5:22 | Create | Villager (Male) |
| 5:37 | Create | Villager (Male) |
| 5:54 | Create | Villager (Male) |
| 6:01 | Build | House |
| 6:02 | Build | House |
| 6:22 | Create | Villager (Male) |
| 6:30 | Create | Villager (Male) |
| 6:54 | Create | Villager (Male) |
| 7:50 | Create | Villager (Male) |
| 7:52 | Build | Mill |
| 8:04 | Create | Villager (Male) |
| 8:27 | Create | Villager (Male) |
| 9:21 | Create | Villager (Male) |
| 9:35 | Build | Barracks |
| 9:40 | Create | Villager (Male) |
| 9:54 | Build | Mining Camp |
| 10:08 | Research | Feudal Age |
| 10:16 | Build | House |
| 10:21 | Build | House |
| 10:24 | Build | Palisade Wall |
| 10:40 | Create | Militia |
| 10:46 | Create | Militia |
| 11:09 | Create | Militia |
| 11:25 | Create | Villager (Male) |
| 11:38 | Build | House |
| 12:07 | Create | Militia |
| 12:11 | Create | Villager (Male) |
| 12:21 | Age | Feudal Age |
| 12:24 | Build | Archery Range |
| 12:25 | Research | Man-at-Arms (upgrade) |
| 12:39 | Create | Villager (Male) |
| 12:52 | Research | Double-Bit Axe |
| 12:54 | Research | Horse Collar |
| 13:17 | Create | Archer |
| 13:19 | Build | House |
| 13:29 | Create | Villager (Male) |
| 13:43 | Create | Archer |
| 13:47 | Create | Villager (Male) |
| 13:58 | Create | Archer |
| 14:04 | Build | Farm |
| 14:07 | Build | Farm |
| 14:09 | Create | Villager (Male) |
| 14:25 | Research | Arson |
| 14:28 | Build | Farm |
| 14:36 | Create | Villager (Male) |
| 14:51 | Build | House |
| 15:21 | Create | Villager (Male) |
| 15:21 | Create | Villager (Male) |
| 15:23 | Build | Farm |
| 15:26 | Build | Farm |
| 15:27 | Build | Farm |
| 15:27 | Create | Villager (Male) |
| 15:32 | Create | Archer |
| 15:50 | Build | House |
| 15:51 | Build | House |
| 16:15 | Build | Farm |
| 16:16 | Build | Farm |
| 16:18 | Create | Villager (Male) |
| 16:42 | Build | Farm |
| 16:54 | Build | Farm |
| 16:56 | Create | Villager (Male) |
| 17:24 | Build | Gate |
| 17:27 | Build | Stone Wall |
| 17:29 | Build | Stone Wall |
| 17:35 | Build | Gate |
| 17:40 | Build | Stone Wall |
| 17:42 | Build | Stone Wall |
| 17:45 | Build | Blacksmith |
| 17:46 | Create | Villager (Male) |
| 18:04 | Build | Farm |
| 18:06 | Build | Farm |
| 18:23 | Research | Castle Age |
| 18:29 | Build | Farm |
| 18:37 | Build | Farm |
| 18:48 | Build | Outpost |
| 19:12 | Research | Fletching |
| 19:37 | Create | Archer |
| 20:18 | Build | Palisade Gate |
| 20:19 | Build | House |
| 20:20 | Build | Palisade Wall |
| 21:03 | Age | Castle Age |
| 21:10 | Build | Town Center |
| 21:15 | Create | Villager (Male) |
| 21:15 | Create | Villager (Male) |
| 21:27 | Create | Villager (Male) |
| 22:00 | Build | Palisade Gate |
| 22:03 | Create | Villager (Male) |
| 22:07 | Create | Villager (Male) |
| 22:22 | Create | Villager (Male) |
| 22:23 | Create | Villager (Male) |
| 22:40 | Research | Bodkin Arrow |
| 22:58 | Create | Villager (Male) |
| 22:58 | Create | Villager (Male) |
| 23:12 | Build | Siege Workshop |
| 23:26 | Build | Palisade Wall |
| 23:31 | Create | Villager (Male) |
| 23:57 | Create | Mangonel |
| 23:59 | Create | Villager (Male) |
| 24:22 | Create | Villager (Male) |
| 24:29 | Create | Villager (Male) |
| 24:52 | Build | University |
| 24:54 | Create | Villager (Male) |
| 24:56 | Create | Villager (Male) |
| 26:05 | Research | Imperial Age |
| 26:10 | Build | Farm |
| 26:12 | Build | Farm |
| 26:19 | Create | Mangonel |
| 26:22 | Build | House |
| 27:10 | Build | Farm |
| 27:49 | Build | Farm |
| 28:42 | Build | Castle |
| 29:15 | Age | Imperial Age |
| 29:18 | Create | Villager (Male) |
| 29:41 | Create | Petard |
| 29:42 | Create | Villager (Male) |
| 29:43 | Create | Villager (Male) |
| 30:12 | Create | Villager (Male) |
| 30:42 | Create | Trebuchet (Packed) |
| 30:42 | Create | Trebuchet (Packed) |
| 30:43 | Create | Villager (Male) |
| 30:43 | Create | Villager (Male) |
| 30:52 | Create | Villager (Male) |
| 30:53 | Create | Villager (Male) |
| 30:58 | Build | House |
| 31:00 | Build | House |
| 31:00 | Build | House |
| 31:07 | Create | Villager (Male) |
| 31:09 | Create | Villager (Male) |
| 31:42 | Create | Trebuchet (Packed) |
| 31:43 | Create | Villager (Male) |
| 31:58 | Create | Villager (Male) |
| 32:06 | Build | Palisade Gate |
Build order — RD | El_Zapatero22
First 150 of 385 actions detected
| 0:00 | Research | Loom |
| 0:00 | Create | Villager (Male) ×3 |
| 0:03 | Build | House |
| 0:04 | Build | House |
| 1:54 | Create | Villager (Male) |
| 2:12 | Build | Palisade Wall |
| 2:35 | Create | Villager (Male) |
| 3:27 | Create | Villager (Male) |
| 3:49 | Build | Palisade Wall |
| 4:02 | Create | Villager (Male) |
| 4:03 | Build | Palisade Wall |
| 4:04 | Build | Palisade Wall |
| 4:08 | Create | Villager (Male) |
| 4:14 | Build | Palisade Wall |
| 4:16 | Build | Palisade Wall |
| 4:39 | Build | Palisade Wall |
| 5:03 | Create | Villager (Male) |
| 5:09 | Create | Villager (Male) |
| 5:36 | Build | Palisade Wall |
| 5:40 | Build | House |
| 5:43 | Create | Villager (Male) |
| 5:47 | Build | Palisade Wall |
| 5:53 | Build | Palisade Wall |
| 5:58 | Create | Villager (Male) |
| 6:06 | Build | Palisade Wall |
| 6:22 | Create | Villager (Male) |
| 6:47 | Build | Lumber Camp |
| 6:51 | Create | Villager (Male) |
| 7:22 | Create | Villager (Male) |
| 7:32 | Build | House |
| 7:46 | Create | Villager (Male) |
| 7:55 | Create | Villager (Male) |
| 8:04 | Create | Villager (Male) |
| 8:36 | Create | Villager (Male) |
| 9:05 | Build | Mill |
| 9:11 | Create | Villager (Male) |
| 9:34 | Build | House |
| 9:41 | Create | Villager (Male) |
| 10:07 | Research | Feudal Age |
| 10:16 | Build | Mining Camp |
| 10:49 | Build | Outpost |
| 12:27 | Build | Palisade Wall |
| 12:34 | Build | Palisade Wall |
| 12:36 | Build | Palisade Wall |
| 12:38 | Age | Feudal Age |
| 12:40 | Build | Palisade Wall |
| 12:49 | Build | Stone Wall |
| 12:52 | Build | Stone Wall |
| 12:53 | Create | Villager (Male) |
| 12:55 | Build | Mining Camp |
| 13:00 | Build | Market |
| 13:08 | Build | Stone Wall |
| 13:09 | Build | Stone Wall |
| 13:10 | Build | Stone Wall |
| 13:19 | Build | Stone Wall |
| 13:23 | Build | Stone Wall |
| 13:26 | Create | Villager (Male) |
| 13:31 | Build | Blacksmith |
| 13:46 | Build | Stone Wall |
| 13:47 | Build | Stone Wall |
| 13:50 | Build | Stone Wall |
| 14:00 | Research | Castle Age |
| 14:00 | Research | Castle Age |
| 14:31 | Build | Lumber Camp |
| 14:42 | Research | Fletching |
| 15:12 | Research | Double-Bit Axe |
| 15:18 | Build | House |
| 15:27 | Build | Watch Tower |
| 16:40 | Age | Castle Age |
| 16:47 | Create | Villager (Male) |
| 16:54 | Build | Palisade Wall |
| 17:12 | Build | Castle |
| 17:17 | Create | Villager (Male) |
| 17:21 | Research | Fletching |
| 17:35 | Build | Siege Workshop |
| 17:49 | Create | Villager (Male) |
| 18:29 | Create | Villager (Male) |
| 18:31 | Create | Plumed Archer |
| 18:34 | Create | Plumed Archer |
| 18:42 | Create | Plumed Archer |
| 18:45 | Create | Petard |
| 19:15 | Create | Mangonel |
| 19:31 | Create | Plumed Archer |
| 19:31 | Create | Plumed Archer |
| 19:51 | Create | Villager (Male) |
| 19:53 | Create | Plumed Archer |
| 19:56 | Create | Plumed Archer |
| 20:20 | Create | Villager (Male) |
| 20:36 | Create | Battering Ram |
| 20:44 | Build | Mining Camp |
| 20:47 | Create | Plumed Archer |
| 20:47 | Create | Plumed Archer |
| 21:16 | Build | Lumber Camp |
| 21:21 | Create | Plumed Archer |
| 21:40 | Create | Plumed Archer |
| 22:26 | Create | Mangonel |
| 22:31 | Create | Villager (Male) |
| 22:40 | Create | Plumed Archer |
| 22:41 | Create | Plumed Archer |
| 22:59 | Create | Villager (Male) |
| 23:27 | Create | Plumed Archer |
| 23:28 | Create | Plumed Archer |
| 23:34 | Create | Villager (Male) |
| 24:09 | Research | Bodkin Arrow |
| 24:22 | Build | House |
| 24:24 | Build | House |
| 24:27 | Create | Plumed Archer |
| 24:27 | Create | Plumed Archer |
| 24:28 | Create | Villager (Male) |
| 24:44 | Build | House |
| 24:46 | Create | Plumed Archer |
| 24:46 | Create | Plumed Archer |
| 25:54 | Create | Plumed Archer |
| 25:54 | Create | Plumed Archer |
| 25:56 | Build | Farm |
| 25:56 | Build | Farm |
| 25:56 | Build | Farm |
| 25:57 | Build | Farm |
| 25:57 | Build | Farm |
| 25:57 | Build | Farm |
| 25:57 | Build | Farm |
| 26:02 | Create | Plumed Archer |
| 26:06 | Create | Battering Ram |
| 26:07 | Create | Battering Ram |
| 26:25 | Create | Plumed Archer |
| 26:51 | Create | Plumed Archer |
| 26:51 | Create | Plumed Archer |
| 26:54 | Create | Battering Ram |
| 27:04 | Create | Plumed Archer |
| 27:19 | Create | Villager (Male) |
| 27:21 | Create | Plumed Archer |
| 27:35 | Create | Plumed Archer |
| 27:45 | Build | University |
| 27:51 | Create | Villager (Male) |
| 28:27 | Create | Villager (Male) |
| 28:39 | Create | Mangonel |
| 29:03 | Create | Villager (Male) |
| 29:14 | Create | Villager (Male) |
| 29:44 | Create | Plumed Archer |
| 29:44 | Create | Plumed Archer |
| 29:44 | Create | Plumed Archer |
| 29:51 | Build | Castle |
| 29:54 | Create | Villager (Male) |
| 30:06 | Research | Ballistics |
| 30:19 | Create | Plumed Archer |
| 30:19 | Create | Plumed Archer |
| 30:25 | Create | Villager (Male) |
| 30:47 | Create | Villager (Male) |
| 30:51 | Create | Plumed Archer |
| 30:51 | Create | Plumed Archer |
Match timeline
| 2:12 | RD | El_Zapatero22 · wall_segment Palisade Wall x5 |
| 3:02 | inhoftah · wall_segment Palisade Wall x7 |
| 3:49 | inhoftah · wall_segment Palisade Wall x1 |
| 3:49 | RD | El_Zapatero22 · wall_segment Palisade Wall x1 |
| 3:53 | inhoftah · wall_segment Palisade Wall x1 |
| 4:03 | RD | El_Zapatero22 · wall_segment Palisade Wall x1 |
| 4:04 | RD | El_Zapatero22 · wall_segment Palisade Wall x1 |
| 4:06 | inhoftah · wall_segment Palisade Wall x1 |
| 4:14 | RD | El_Zapatero22 · wall_segment Palisade Wall x1 |
| 4:16 | RD | El_Zapatero22 · wall_segment Palisade Wall x1 |
| 4:39 | RD | El_Zapatero22 · wall_segment Palisade Wall x9 |
| 5:36 | RD | El_Zapatero22 · wall_segment Palisade Wall x1 |
| 5:47 | RD | El_Zapatero22 · wall_segment Palisade Wall x1 |
| 5:53 | RD | El_Zapatero22 · wall_segment Palisade Wall x1 |
| 6:06 | RD | El_Zapatero22 · wall_segment Palisade Wall x1 |
| 9:35 | inhoftah · first_building Barracks |
| 10:24 | inhoftah · wall_segment Palisade Wall x1 |
| 12:21 | inhoftah · age_up feudal |
| 12:24 | inhoftah · first_building Archery Range |
| 12:27 | RD | El_Zapatero22 · wall_segment Palisade Wall x1 |
| 12:34 | RD | El_Zapatero22 · wall_segment Palisade Wall x2 |
| 12:36 | RD | El_Zapatero22 · wall_segment Palisade Wall x2 |
| 12:38 | RD | El_Zapatero22 · age_up feudal |
| 12:40 | RD | El_Zapatero22 · wall_segment Palisade Wall x5 |
| 12:49 | RD | El_Zapatero22 · wall_segment Stone Wall x1 |
| 12:52 | RD | El_Zapatero22 · wall_segment Stone Wall x1 |
| 13:08 | RD | El_Zapatero22 · wall_segment Stone Wall x1 |
| 13:09 | RD | El_Zapatero22 · wall_segment Stone Wall x1 |
| 13:10 | RD | El_Zapatero22 · wall_segment Stone Wall x1 |
| 13:19 | RD | El_Zapatero22 · wall_segment Stone Wall x1 |
| 13:23 | RD | El_Zapatero22 · wall_segment Stone Wall x1 |
| 13:46 | RD | El_Zapatero22 · wall_segment Stone Wall x2 |
| 13:47 | RD | El_Zapatero22 · wall_segment Stone Wall x1 |
| 13:50 | RD | El_Zapatero22 · wall_segment Stone Wall x1 |
| 15:16 | RD | El_Zapatero22 · first_market_buy 100 wood |
| 16:12 | RD | El_Zapatero22 · first_market_sell 100 food |
| 16:40 | RD | El_Zapatero22 · age_up castle |
| 16:54 | RD | El_Zapatero22 · wall_segment Palisade Wall x1 |
| 17:12 | RD | El_Zapatero22 · first_building Castle |
| 17:27 | inhoftah · wall_segment Stone Wall x2 |
| 17:29 | inhoftah · wall_segment Stone Wall x3 |
| 17:35 | RD | El_Zapatero22 · first_building Siege Workshop |
| 17:40 | inhoftah · wall_segment Stone Wall x2 |
| 17:42 | inhoftah · wall_segment Stone Wall x4 |
| 20:20 | inhoftah · wall_segment Palisade Wall x1 |
| 21:03 | inhoftah · age_up castle |
| 23:12 | inhoftah · first_building Siege Workshop |
| 23:26 | inhoftah · wall_segment Palisade Wall x1 |
| 28:42 | inhoftah · first_building Castle |
| 29:15 | inhoftah · age_up imperial |
| 36:14 | inhoftah · first_market_sell 100 wood |
| 36:38 | inhoftah · first_market_buy 100 food |
| 37:18 | RD | El_Zapatero22 · wall_segment Stone Wall x14 |
| 42:14 | RD | El_Zapatero22 · first_building Barracks |
| 43:26 | RD | El_Zapatero22 · first_building Archery Range |
| 44:54 | RD | El_Zapatero22 · age_up imperial |
| 49:47 | inhoftah · wall_segment Palisade Wall x1 |
| 49:49 | inhoftah · wall_segment Palisade Wall x1 |
| 49:52 | inhoftah · wall_segment Palisade Wall x1 |
| 50:22 | RD | El_Zapatero22 · first_building Monastery |
| 55:07 | inhoftah · wall_segment Palisade Wall x1 |
| 55:17 | inhoftah · resign |
[ AI ANALYSIS · 1 CREDIT ]
What really happened in this match?
Wolo.gg analyzes every decision: build order, eco, micro, common mistakes by bracket. Personalized analysis on WhatsApp or Discord in 30 seconds.
Civ guide
Ethiopians
Perfil
Jugador #3940090